Description

0.55 probe scout

Replay - PvT Proxy Void Ray Cheese

Build Order

Get SALT Encoding   

  12  0:00  Probe  
  13  0:13  Probe  
  14  0:17  Pylon  
  14  0:25  Probe  
  15  0:34  Probe  
  15  0:35  Gateway  
  16  0:43  Probe, Assimilator  
  17  0:53  Assimilator  
  17  0:54  Probe  
  18  1:06  Probe  
  19  1:18  Probe  
  19  1:24  Cybernetics Core  
  20  1:26  Zealot  
  20  1:31  Pylon  
  22  1:34  Probe  
  23  1:49  Probe  
  24  2:00  Adept  
  26  2:02  Stargate  
  27  2:10  Warp Gate  
  28  2:16  Pylon  
  29  2:30  Adept  
  29  2:31  Void Ray  
  31  2:51  Pylon  
  35  3:02  Void Ray  
  35  3:12  Shield Battery  
  37  3:20  Shield Battery  
  37  3:27  Shield Battery  
  35  3:40  Void Ray  
  35  3:46  Pylon  
  37  4:10  Adept  
  37  4:12  Shield Battery  
  39  4:19  Shield Battery  
Spawning Tool Build Advisor. Get it on Overwolf

Analysis

0.55 probe scout

Go to:

Details

  • Created by: Pose1don
  • Published on: Oct 14, 2019
  • Modified on: Oct 14, 2019
  • Patch: 4.7.1
Show
View Real Time Build Order
Export as new Build Order

Comments (0)

There are no comments. Be the first!

Create an account to comment!